 Dungeon Crawl Stone Soup version 0.27.0-65-ge2af304b15 (webtiles) character file.

Game seed: 13598927969489015689

2 funkygono the Firebug (level 1, 0/10 HPs)
             Began as a Gargoyle Fire Elementalist on Aug 19, 2021.
             Slain by a quokka (2 damage)
             ... on level 1 of the Dungeon.
             The game lasted 00:00:42 (153 turns).

funkygono the Firebug (Gargoyle Fire Elementalist)   Turns: 153, Time: 00:00:42

Health: 0/10       AC:  4    Str: 11    XL:     1   Next: 40%
Magic:  3/3        EV: 11    Int: 15    God:
Gold:   6          SH:  0    Dex: 10    Spells: 3/4 levels left

rFire    . . .     SeeInvis .   c - +0 club
rCold    . . .     Faith    .   (no shield)
rNeg     + . .     Spirit   .   a - +0 robe
rPois    ∞         Reflect  .   (no helmet)
rElec    +         Harm     .   (no cloak)
rCorr    .         Rampage  .   (no gloves)
Will     .....                  (no boots)
Stlth    ++........             (no amulet)
HPRegen  0.03/turn              (no ring)
MPRegen  0.08/turn              (no ring)

@: no status effects
A: sickness immunity, AC +2, negative energy resistance 1, electricity
resistance, torment resistance 1, petrification resistance
a: no special abilities


You were on level 1 of the Dungeon.
You visited 1 branch of the dungeon, and saw 1 of its levels.

You collected 6 gold pieces.

Inventory:

Hand Weapons
 c - a +0 club (weapon)
Missiles
 e - 24 stones
Armour
 a - a +0 robe (worn)
Jewellery
 d - a +4 ring of slaying
Scrolls
 b - a scroll of identify {unknown}


   Skills:
 + Level 1.5 Dodging
 - Level 2.1 Stealth
 + Level 2.1 Spellcasting
 + Level 1.1 Conjurations
 + Level 3.1 Fire Magic


You had 3 spell levels left.
You knew the following spells:

 Your Spells              Type           Power      Damage    Failure   Level
a - Foxfire               Conj/Fire      28%        2x1d5     10%         1

Your spell library contained the following spells:

 Spells                   Type           Power      Damage    Failure   Level
 Conjure Flame            Conj/Fire      7%         6-21      28%         3
 Inner Flame              Hex/Fire       6%         N/A       34%         3
 Sticky Flame             Conj/Fire      7%         2d3       67%         4
 Fireball                 Conj/Fire      3%         3d4       95%         5


Dungeon Overview and Level Annotations

Branches:
Dungeon (1/15)

Altars:


Innate Abilities, Weirdness & Mutations

You are immune to sickness and miasma.
Your stone body is resilient. (AC +2)
You are immune to poison.
You resist negative energy. (rN+)
You are resistant to electric shocks. (rElec)
You are resistant to unholy torment.
You are immune to petrification.


Message History

d - a +4 ring of slaying You see here 24 stones.
e - 24 stones A quokka comes into view.
Found an escape hatch in the floor.
Casting: Foxfire (safe; 10% risk of failure)
Confirm with . or Enter, or press ? or * to list all spells.
You conjure some foxfire!
The quokka closely misses you.
You closely miss the quokka.
The foxfire hits the quokka.
The quokka is heavily wounded.
The quokka twitches its whiskers.
The quokka bites you but does no damage.
You closely miss the quokka.
The quokka is heavily wounded.
The quokka completely misses you. The quokka bites you.
You hit the quokka.
The quokka is severely wounded.
The quokka bites you but does no damage.
You closely miss the quokka.
The quokka is severely wounded.
The quokka bites you. The quokka closely misses you.
You barely miss the quokka.
The quokka is severely wounded.
The quokka bites you but does no damage.
You closely miss the quokka.
The quokka is severely wounded.
The quokka barely misses you. The quokka bites you.
You barely miss the quokka.
The quokka is heavily wounded.
The quokka closely misses you.
The quokka bites you but does no damage.
You closely miss the quokka.
The quokka is moderately wounded.
The quokka barely misses you.
You closely miss the quokka.
The quokka is moderately wounded.
The quokka bites you.
* * * LOW HITPOINT WARNING * * *
The quokka bites you.
You die...

#........ ##>
##....... #..
##.....# ...
##...## #.#
#########†### #.#
#.......#.# # #.#
#.#####.#.# #
#r####.#.###...# #
#@......#.....####
######.#.##.......
#......#.....
########.....
#..... #.....
###≈≈§ #....
#.≈..⌠.


You could see a quokka.

Vanquished Creatures
  An endoplasm (D:1)
  A goblin (D:1)
2 creatures vanquished.

Vanquished Creatures (others)
  9 foxfires (D:1)
9 creatures vanquished.

Grand Total: 11 creatures vanquished

Notes
Turn   | Place    | Note
-------+----------+-------------------------------------------
     0 | D:1      | funkygono the Gargoyle Fire Elementalist began the quest
                  | for the Orb.
     0 | D:1      | Reached XP level 1. HP: 10/10 MP: 3/3
   153 | D:1      | Slain by a quokka

Illustrated notes

Levels and vault maps discovered:
D:1:      dpeg_arrival_rooms_with_view, layout_loops_corners,
          dreamdust_ecumenical_altar_statues, serial_shops,
          nicolae_shop_temple_entry_statues_fountains, nicolae_square_shop,
          shop, minmay_lizard_pond

Action                   || total
-------------------------++-------
Melee: Club              ||     9
 Cast: Foxfire           ||     5
Armor: Robe              ||     5
Dodge: Dodged            ||     6
